 Dungeon Crawl Stone Soup version 0.19.1-1-g22dce08 (webtiles) character file.

5262 Nydiazath the Cleaver (level 10, -7/58 HPs)
             Began as a Gargoyle Fighter on Jan 3, 2017.
             Was a High Priest of Okawaru.
             Mangled by Atash's ghost (22 damage)
             ... on level 9 of the Dungeon.
             The game lasted 00:16:56 (8215 turns).

Nydiazath the Cleaver (Gargoyle Fighter)            Turns: 8215, Time: 00:16:56

Health: -7/58      AC: 21    Str: 27    XL:     10   Next: 62%
Magic:  8/10       EV: 12    Int: 10    God:    Okawaru [*****.]
Gold:   484        SH: 14    Dex:  9    Spells: 0 memorised, 9 levels left

rFire  . . .     SeeInvis .     a - +0 war axe
rCold  . . .     Gourm    .     L - +2 leather armour {MR+}
rNeg   + . .     Faith    .     u - +2 shield
rPois  ∞         Spirit   .     (no helmet)
rElec  +         Reflect  .     q - +1 cloak
rCorr  .         Harm     .     (no gloves)
MR     +....                    N - +2 pair of boots
Stlth  ++........               I - amulet of regeneration
                                o - +3 ring of protection
                                h - ring of wizardry

@: mighty, heroism
A: negative energy resistance 1, electricity resistance, unbreathing,
petrification resistance, rot immunity, AC +7
a: Heroism, Finesse, Renounce Religion


You were on level 9 of the Dungeon.
You worshipped Okawaru.
Okawaru was extremely pleased with you.
You were hungry.

You visited 1 branch of the dungeon, and saw 9 of its levels.

You collected 592 gold pieces.
You spent 108 gold pieces at shops.

Inventory:

Hand Weapons
 a - a +0 war axe (weapon)
Armour
 q - a +1 cloak (worn)
 u - a +2 shield (worn)
 L - a +2 leather armour of magic resistance (worn)
 N - a +2 pair of boots (worn)
Rods
 R - a +0 rod of clouds (14/14)
   (You found it on level 9 of the Dungeon)
Jewellery
 h - a ring of wizardry (left hand)
 o - a +3 ring of protection (right hand)
 v - an uncursed amulet of guardian spirit
 I - an amulet of regeneration (around neck)
Wands
 b - a wand of lightning (7/15)
 z - a wand of slowing (21/48)
 B - a wand of disintegration (11/24)
 J - a wand of lightning (13/15)
 K - a wand of random effects (28/48)
Scrolls
 c - a scroll of magic mapping {unknown}
 e - a scroll of fog {unknown}
 i - a scroll of immolation {unknown}
 j - 6 scrolls of identify
 l - 2 scrolls of amnesia
 m - 5 scrolls of remove curse
 t - a scroll of noise {unknown}
 y - 2 scrolls of recharging {unknown}
 A - 3 scrolls of teleportation {unknown}
 G - 2 scrolls of enchant armour {unknown}
 P - a scroll of random uselessness {unknown}
 S - a scroll of enchant weapon {unknown}
Potions
 d - a potion of might
 k - a potion of cure mutation
 n - 2 potions of ambrosia
 p - 2 potions of lignification
 r - 2 potions of heal wounds
 s - 4 potions of brilliance
 w - 2 potions of haste
 x - 4 potions of curing
 D - 2 potions of flight
 H - 2 potions of cancellation
Books
 F - a book of Callings

   Spells                             Type                      Level
   a - Summon Small Mammal            Summoning                    1
   b - Call Imp                       Summoning                    2
   c - Call Canine Familiar           Summoning                    3
   d - Summon Guardian Golem          Hexes/Summoning              3
   e - Summon Lightning Spire         Summoning/Air                4
   f - Summon Ice Beast               Ice/Summoning                4
 M - a book of Changes

   Spells                             Type                      Level
   a - Beastly Appendage              Transmutation                1
   b - Sticks to Snakes               Transmutation                2
   c - Spider Form                    Transmutation/Poison         3
   d - Ice Form                       Ice/Transmutation            4
   e - Blade Hands                    Transmutation                5
Comestibles
 f - 8 bread rations
 g - 10 fruits
 C - 3 beef jerkies
 O - a royal jelly


   Skills:
 + Level 4.7(9.7) Fighting
 + Level 13.2(18.2) Axes
 - Level 3.2(8.2) Armour
 + Level 4.8(9.8) Shields


You had 9 spell levels left.
You didn't know any spells.

Dungeon Overview and Level Annotations

Branches:
Dungeon (9/15)             Temple (0/1) D:7            Lair (0/6) D:9
    Orc: D:9-12

Altars:
Cheibriados
Elyvilon
Fedhas
Hepliaklqana
Makhleb
Okawaru
Qazlal
Ru
Vehumet
Xom
Yredelemnul
Zin

Shops:
D:9 !

Annotations:
D:9 Atash's ghost, novice MiBe


Innate Abilities, Weirdness & Mutations

You are resistant to torment.
Your stone body is resilient. (AC +7)
You are immune to poison.
You resist negative energy. (rN+)
You are resistant to electric shocks. (rElec)
You can survive without breathing.
You are immune to petrification.
You are immune to rotting.


Message History

Atash's ghost is heavily damaged.
The orc priest miscasts a cantrip.
You slash Atash's ghost!
Atash's ghost is severely damaged.
You block Atash's ghost's attack.
You hit Atash's ghost but do no damage.
Atash's ghost is severely damaged.
You block Atash's ghost's attack.
You hit Atash's ghost.
Atash's ghost is severely damaged.
You barely miss Atash's ghost.
Atash's ghost is severely damaged.
You block Atash's ghost's attack.
You hit Atash's ghost.
Atash's ghost is almost destroyed.
Atash's ghost hits you but does no damage.
You slash Atash's ghost!
Atash's ghost is almost destroyed.
Atash's ghost hits you!!
You die...

##.###.# #.#.....
#......# #.>..o..
#.###### #.......
#######+# #.#
#####.## #.....#.#
#o# .# #.#
#.#.###### #o# .#
..# #....†...# #o#
.. #.###....###.#
#W# ##
..........##.# #@#
#)#.#....###.# #!#
#.#.#...####.###.#
#................#
#####..#####.#####
#####..#####.#
.............#
##############


You could see 2 orc priests, Atash's ghost and an orc.

Vanquished Creatures
  Pikel (D:7)
  Joseph (D:7)
  Grinder (D:6)
  Sigmund (D:4)
  A spriggan (D:8)
  Eustachio (D:5)
  Edmund (D:4)
  2 water moccasins
  An orc warrior (D:6)
  3 ice beasts
  A hornet zombie (D:9)
  A sky beast (D:6)
  A slave (D:7)
  2 phantoms
  A black bear (D:7)
  2 ogres
  4 centaurs
  The ghost of bananaglory the Firebug, an amateur TeFE (D:4)
  A big kobold (D:8)
  A bullfrog (D:9)
  A gnoll sergeant (D:9)
  8 killer bees
  8 wights (D:7)
  3 howler monkeys (D:9)
  4 crimson imps (D:6)
  A quasit (D:7)
  5 orc wizards
  5 hounds
  2 jellies
  3 orc priests
  Crazy Yiuf (D:3)
  Jessica (D:3)
  6 worker ants
  An iguana (D:9)
  A killer bee zombie (D:8)
  A hound skeleton (D:4)
  Robin (D:4)
  3 worker ant zombies
  13 gnolls
  5 adders
  A howler monkey skeleton (D:7)
  2 shadow imps
  An ooze (D:1)
  2 worms
  A dart slug (D:2)
  4 leopard geckos
  28 orcs
  6 bats
  4 giant cockroaches
  14 goblins
  10 hobgoblins
  10 jackals
  13 kobolds
  3 quokkas
  3 ball pythons
  6 frilled lizards
  A jackal zombie (D:6)
  A leopard gecko zombie (D:6)
  6 rats
217 creatures vanquished.

Vanquished Creatures (others)
  A slave (D:7)
  A bullfrog (D:7)
  An adder (D:7)
  A goblin (D:2)
4 creatures vanquished.

Grand Total: 221 creatures vanquished

Notes
Turn   | Place    | Note
-------+----------+-------------------------------------------
     0 | D:1      | Nydiazath the Gargoyle Fighter began the quest for the Orb.
     0 | D:1      | Reached XP level 1. HP: 14/14 MP: 1/1
    24 | D:1      | Reached skill level 2 in Axes
   103 | D:1      | Reached XP level 2. HP: 19/19 MP: 2/2
   358 | D:1      | Reached skill level 3 in Axes
   638 | D:2      | Found an iron altar of Okawaru.
   641 | D:2      | Reached XP level 3. HP: 23/23 MP: 3/3
   659 | D:2      | Became a worshipper of Warmaster Okawaru
   928 | D:2      | Found a glowing silver altar of Zin.
  1296 | D:3      | Reached skill level 4 in Axes
  1296 | D:3      | Reached XP level 4. HP: 15/28 MP: 2/4
  1447 | D:3      | Reached XP level 5. HP: 29/32 MP: 5/5
  1480 | D:3      | Reached * piety under Okawaru
  1529 | D:3      | Reached skill level 5 in Axes
  1695 | D:3      | Noticed Jessica
  1702 | D:3      | Killed Jessica
  2142 | D:3      | Found a runed door.
  2146 | D:3      | Noticed Crazy Yiuf
  2164 | D:3      | Killed Crazy Yiuf
  2164 | D:3      | Reached XP level 6. HP: 37/37 MP: 6/6
  2295 | D:4      | Noticed bananaglory's ghost (amateur TeFE)
  2311 | D:4      | Killed bananaglory's ghost
  2311 | D:4      | Reached skill level 6 in Axes
  2338 | D:4      | Noticed Sigmund
  2372 | D:4      | Killed Sigmund
  2372 | D:4      | Reached XP level 7. HP: 9/41 MP: 2/7
  2428 | D:4      | Noticed Robin
  2676 | D:4      | Killed Robin
  2738 | D:4      | Reached skill level 7 in Axes
  2755 | D:4      | Reached ** piety under Okawaru
  2854 | D:4      | Noticed Edmund
  2876 | D:4      | Killed Edmund
  3248 | D:5      | Entered Level 5 of the Dungeon
  3307 | D:5      | Reached skill level 8 in Axes
  3331 | D:5      | Reached XP level 8. HP: 33/46 MP: 6/8
  3680 | D:5      | Found a white marble altar of Elyvilon.
  3754 | D:5      | Noticed Eustachio
  4061 | D:5      | Found a snail-covered altar of Cheibriados.
  4214 | D:5      | Found a basalt altar of Yredelemnul.
  4275 | D:5      | Found a white marble altar of Elyvilon.
  4477 | D:5      | Killed Eustachio
  4477 | D:5      | Reached skill level 9 in Axes
  4651 | D:6      | Reached *** piety under Okawaru
  4804 | D:6      | Noticed Grinder
  4823 | D:6      | Killed Grinder
  4823 | D:6      | Reached skill level 10 in Axes
  4823 | D:6      | Reached XP level 9. HP: 34/51 MP: 5/9
  5282 | D:6      | Found a stormy altar of Qazlal.
  5424 | D:6      | Reached skill level 11 in Axes
  5457 | D:6      | Found a burning altar of Makhleb.
  5458 | D:6      | Found a shimmering altar of Xom.
  5705 | D:7      | Got a crude leather armour
  5716 | D:7      | Identified the cursed +0 leather armour "Bumy" {+Fly rF- Dex+4} (You found it on level 7 of the Dungeon)
  5795 | D:7      | Noticed Pikel
  5825 | D:7      | Killed Pikel
  5825 | D:7      | Reached **** piety under Okawaru
  5825 | D:7      | Received a gift from Okawaru
  5871 | D:7      | Noticed Joseph
  5889 | D:7      | Killed Joseph
  5889 | D:7      | Reached skill level 12 in Axes
  6131 | D:7      | Reached XP level 10. HP: 53/56 MP: 10/10
  6242 | D:7      | Found a blossoming altar of Fedhas.
  6242 | D:7      | Found a radiant altar of Vehumet.
  6376 | D:7      | Found a staircase to the Ecumenical Temple.
  6496 | D:7      | Reached ***** piety under Okawaru
  6873 | D:8      | Reached skill level 13 in Axes
  7152 | D:8      | Found a hazy altar of Hepliaklqana.
  7597 | D:8      | Found a sacrificial altar of Ru.
  7898 | D:9      | Identified a +0 rod of clouds (14/14) (You found it on level 9 of the Dungeon)
  8048 | D:9      | Found Weur's Distillery.
  8056 | D:9      | Bought a potion of curing for 36 gold pieces
  8056 | D:9      | Bought a potion of curing for 36 gold pieces
  8056 | D:9      | Bought a potion of curing for 36 gold pieces
  8155 | D:9      | Found a staircase to the Lair.
  8161 | D:9      | Noticed Atash's ghost (novice MiBe)
  8215 | D:9      | Mangled by Atash's ghost

Skill      XL: |  1  2  3  4  5  6  7  8  9 10 |
---------------+-------------------------------+-----
Axes           | 2 3 4 5 6 8 10 12 13 | 13.2
Fighting       | 4 |  4.7
Shields        | 4 |  4.8
Armour         | |  3.2

Action                   |  1- 3 |  4- 6 |  7- 9 | 10-12 || total
-------------------------+-------+-------+-------+-------++-------
Melee: War axe           |   143 |   132 |   502 |   222 ||   999
       Battleaxe         |       |       |       |    64 ||    64
Invok: Heroism           |       |       |       |     1 ||     1
Evoke: Rod               |       |       |       |     2 ||     2
  Use: Potion            |       |     1 |       |     2 ||     3
       Scroll            |       |       |     3 |     6 ||     9
  Eat: Chunk             |     2 |     1 |    13 |     7 ||    23
       Fruit             |       |     1 |     2 |       ||     3
Armor: Scale mail        |   100 |    74 |   174 |       ||   348
       Skin              |       |     1 |       |       ||     1
       Leather armour    |       |       |   180 |   147 ||   327
Dodge: Dodged            |    39 |    26 |   168 |    89 ||   322
Block: Shield            |    70 |    67 |   239 |   100 ||   476
